 Dungeon Crawl Stone Soup version 0.25-a0-940-gc6eaff51cc (webtiles) character file.

Game seed: 14241354427302720346, levelgen mode: classic

6120 Amnesiac the Fighter (level 10, 0/66 HPs)
             Began as a Deep Elf Wizard on May 5, 2020.
             Was an Elder of Vehumet.
             Slain by Maggie
             ... wielding a +0 glaive
              (9 damage)
             ... on level 9 of the Dungeon.
             The game lasted 00:27:50 (12227 turns).

Amnesiac the Fighter (Deep Elf Wizard)             Turns: 12227, Time: 00:27:51

Health: 0/66       AC:  3    Str:  4    XL:     10   Next: 59%
Magic:  16/18      EV: 16    Int: 27    God:    Vehumet [****..]
Gold:   278        SH:  0    Dex: 13    Spells: 5/18 levels left

rFire    . . .     SeeInvis .   t - +6 shillelagh "Devastator" {shatter}
rCold    + . .     Gourm    +   u - +0 buckler
rNeg     . . .     Faith    .   q - +1 robe {MR+}
rPois    .         Spirit   .   (no helmet)
rElec    .         Reflect  .   (no cloak)
rCorr    .         Harm     .   (no gloves)
MR       ++...                  (no boots)
Stlth    +.........             A - amulet of the gourmand
HPRegen  0.21/turn              s - ring of protection from fire
MPRegen  0.16/turn              w - ring of ice

@: confused
A: no striking features
a: Renounce Religion


You were on level 9 of the Dungeon.
You worshipped Vehumet.
Vehumet was greatly pleased with you.
You were completely stuffed.

You visited 2 branches of the dungeon, and saw 10 of its levels.

You collected 464 gold pieces.
You spent 186 gold pieces at shops.

Inventory:

Hand Weapons
 t - the +6 shillelagh "Devastator" (weapon) {shatter}
   (You found it on level 7 of the Dungeon)
Missiles
 b - 122 arrows
Armour
 a - the +1 leather armour of Weirdness {Dex+5, unknown}
   (You found it on level 7 of the Dungeon)

   It affects your dexterity (+5).
 q - a +1 robe of magic resistance (worn)
 u - a +0 buckler (worn)
 y - the +1 scale mail of Cisteax {+Blink Stlth+, unknown}
   (You found it on level 8 of the Dungeon)

   It lets you blink.
   It makes you more stealthy.
Jewellery
 s - a ring of protection from fire (left hand)
 w - a ring of ice (right hand)
 A - an amulet of the gourmand (around neck)
Wands
 j - a wand of digging (1)
 m - a wand of polymorph (9)
 v - a wand of random effects (13)
Scrolls
 c - a scroll of remove curse {!r}
 e - 5 scrolls of teleportation {!r}
 f - 4 scrolls of amnesia {!r}
 l - 4 scrolls of enchant weapon {!r}
 n - a scroll of fog {!r}
 o - 3 scrolls of enchant armour {!r}
 r - a scroll of blinking {!r}
 z - a scroll of identify {!r}
 B - a scroll of fear {!r}
Potions
 g - a potion of brilliance {!q}
 i - 7 potions of curing {!q}
 k - a potion of might {!q}
 p - a potion of mutation {!q}
 x - a potion of stabbing {!q, unknown}
Comestibles
 d - 19 rations


   Skills:
 - Level 9.5 Fighting
 + Level 5.5 Maces & Flails
 - Level 8.0 Dodging
 - Level 3.0 Stealth
 - Level 4.0 Shields
 - Level 4.5 Spellcasting
 - Level 4.0 Conjurations
 - Level 1.1 Summonings
 - Level 1.1 Translocations
 - Level 4.0 Transmutations
 - Level 4.0 Evocations


You had 5 spell levels left.
You knew the following spells:

 Your Spells              Type           Power        Failure   Level  Hunger
a - Magic Dart            Conj           ####         1%          1    None
b - Call Imp              Summ           ##......     8%          2    None
c - Sticks to Snakes      Tmut           ####....     2%          2    None
e - Mephitic Cloud        Conj/Pois/Air  ##......     3%          3    ##.....
s - Conjure Flame         Conj/Fire      ###.....     2%          3    ##.....
v - Blink                 Tloc           N/A          8%          2    None

Your spell library contained the following spells:

 Spells                   Type           Power        Failure   Level  Hunger
 Dazzling Flash           Conj/Hex       ###...       2%          3    ##.....
 Beastly Appendage        Tmut           ####..       1%          1    None
 Spider Form              Tmut/Pois      ###.......   10%         3    ##.....
 Slow                     Hex            #.......     12%         2    None
 Ice Form                 Ice/Tmut       ####....     32%         4    ####...
 Blade Hands              Tmut           ####......   38%         5    #####..


Dungeon Overview and Level Annotations

Branches:
Dungeon (9/15)             Temple (1/1) D:4            Lair (0/6) D:9
    Orc: D:9-12

Altars:
Ashenzari
Cheibriados
Dithmenos
Elyvilon
Fedhas
Gozag
Hepliaklqana
Kikubaaqudgha
Makhleb
Nemelex Xobeh
Okawaru
Qazlal
Ru
Sif Muna
Trog
Uskayaw
Vehumet
Wu Jian
Xom
Yredelemnul
Zin
The Shining One

Shops:
D:4 *=}[(   D:7 =   D:9 %

Annotations:
D:4 1 exclusion
D:9 Maggie


Message History

You are struck by the porcupine's spines.
You barely miss the porcupine. You block the porcupine's attack.
The porcupine bites you!
Casting: Mephitic Cloud (dangerous; 3% risk of failure)
Confirm with . or Enter, or press ? or * to list all spells.
Aiming: Mephitic Cloud (dangerous; 3% risk of failure)
Press: ? - help, Shift-Dir - straight line, f - porcupine
Aim: a porcupine That beam is likely to hit you.
Continue anyway?
Okay, then.
Maggie mutters to herself, "Master Lance won't take me back.
This is the way forward."
The porcupine bites you!
* * * LOW HITPOINT WARNING * * *
You block the porcupine's attack.
Casting: Mephitic Cloud (dangerous; 3% risk of failure)
Confirm with . or Enter, or press ? or * to list all spells.
Aiming: Mephitic Cloud (dangerous; 3% risk of failure)
Press: ? - help, Shift-Dir - straight line, f/p - porcupine
Aim: a porcupine That beam is likely to hit you.
Continue anyway?
Okay, then.
You closely miss the porcupine. The porcupine bites you!
* * * LOW HITPOINT WARNING * * *
Maggie casts a spell.
Maggie attempts to bespell you! You resist with almost no effort.
Really quaff
h - a potion of heal wounds {!q}?
You feel much better. The porcupine bites you!
* * * LOW HITPOINT WARNING * * *
Casting: Mephitic Cloud (dangerous; 3% risk of failure)
Confirm with . or Enter, or press ? or * to list all spells.
Aiming: Mephitic Cloud (dangerous; 3% risk of failure)
Press: ? - help, Shift-Dir - straight line, f/p - porcupine
Aim: a porcupine That beam is likely to hit you.
Continue anyway?
The ball explodes into a vile cloud!
The stinking cloud engulfs the porcupine but does no damage.
The stinking cloud engulfs you but does no damage.
The stinking cloud engulfs Maggie but does no damage.
You are engulfed in noxious fumes.
* * * LOW HITPOINT WARNING * * *
The porcupine is engulfed in noxious fumes.
The porcupine appears confused.
You block the porcupine's attack.
Maggie is engulfed in noxious fumes.
Maggie appears confused.
Maggie hits the porcupine with a +0 glaive!
You hit the porcupine but do no damage.
The porcupine is almost dead.
You are engulfed in noxious fumes.
You choke on the stench!
You are confused.
The porcupine is engulfed in noxious fumes.
The porcupine appears confused.
The porcupine is engulfed in noxious fumes.
The porcupine appears confused.
You are struck by the porcupine's spines.
* * * LOW HITPOINT WARNING * * *
You hit the porcupine.
You kill the porcupine!
Vehumet accepts your kill.
You feel your power returning.
You are engulfed in noxious fumes.
You choke on the stench!
You are more confused.
* * * LOW HITPOINT WARNING * * *
Maggie is engulfed in noxious fumes.
Maggie appears confused.
Maggie hits you with a +0 glaive!
You die...

#...............#
###.....#......##
###........#.#
##..........#.##
##..#...........#
#..##............
#°###...)........
##@#
#........#...
#@○#
#...P....P...
####
#..♣♣........
P..PPP.....PP .
.....P♣....
....P......
.....P....
P..>.P.♣..
.....P♣...
..♣P......


You could see Maggie (confused).

Vanquished Creatures
  A two-headed ogre (D:9)
  Joseph (D:8)
  Psyche (D:8)
  A hornet (D:7)
  Grinder (D:5)
  A hippogriff (D:9)
  Sigmund (D:4)
  A basilisk (D:9)
  3 porcupines (D:9)
  6 ice beasts
  4 ogres
  4 black bears
  An orc warrior (D:8)
  A centaur (D:9)
  A wolf (D:9)
  3 crocodiles (D:9)
  A big kobold (D:9)
  5 bullfrogs
  A gnoll sergeant (D:6)
  3 scorpions
  A howler monkey (D:4)
  A centaur zombie (D:6)
  2 crimson imps
  7 jellies
  An orc priest (D:5)
  A bullfrog skeleton (D:4)
  A gnoll shaman (D:9)
  7 hounds
  Jessica (D:2)
  4 iguanas
  4 orc wizards
  8 worker ants
  A killer bee zombie (D:9)
  A hound zombie (D:7)
  A worker ant zombie (D:3)
  7 gnolls
  2 howler monkey skeletons
  8 adders
  2 shadow imps
  7 oozes
  2 adder skeletons (D:4)
  An adder zombie (D:5)
  5 worms
  3 dart slugs
  6 leopard geckos
  13 orcs
  A ball python (D:6)
  4 giant cockroaches
  7 goblins
  10 hobgoblins
  11 jackals
  5 quokkas
  10 bats
  7 frilled lizards
  12 kobolds
  2 leopard gecko skeletons
  A quokka skeleton (D:8)
  A quokka zombie (D:6)
  6 rats
215 creatures vanquished.

Vanquished Creatures (collateral kills)
  A worm (D:3)
1 creature vanquished.

Vanquished Creatures (others)
  A fungus (D:9)
  3 plants (D:9)
4 creatures vanquished.

Grand Total: 220 creatures vanquished

Notes
Turn   | Place    | Note
-------+----------+-------------------------------------------
     0 | D:1      | Amnesiac the Deep Elf Wizard began the quest for the Orb.
     0 | D:1      | Reached XP level 1. HP: 10/10 MP: 7/7
   184 | D:1      | Reached XP level 2. HP: 15/15 MP: 5/9
   188 | D:1      | Learned a level 2 spell: Blink
   191 | D:1      | Learned a level 2 spell: Call Imp
   411 | D:2      | Noticed Jessica
   414 | D:2      | Killed Jessica
   414 | D:2      | Reached XP level 3. HP: 19/19 MP: 7/11
   421 | D:2      | Learned a level 3 spell: Conjure Flame
   425 | D:2      | Learned a level 3 spell: Mephitic Cloud
   479 | D:2      | Found a glowing silver altar of Zin.
   480 | D:2      | Found a bloodstained altar of Trog.
   487 | D:2      | Found a stormy altar of Qazlal.
   644 | D:2      | Found a faded altar of an unknown god.
   802 | D:3      | Reached XP level 4. HP: 23/24 MP: 4/12
   927 | D:4      | Reached skill level 9 in Fighting
   927 | D:4      | Reached XP level 5. HP: 7/41 MP: 3/13
   942 | D:4      | HP: 2/41 [poisoned by a worker ant]
   950 | D:4      | HP: 2/41 [poisoned by a worker ant]
  1136 | D:4      | Found a staircase to the Ecumenical Temple.
  1144 | Temple   | Entered the Ecumenical Temple
  1298 | Temple   | Became a worshipper of Vehumet
  2537 | D:2      | Found a shadowy altar of Dithmenos.
  2606 | D:3      | Reached * piety under Vehumet
  2606 | D:3      | Offered knowledge of Shock by Vehumet.
  3114 | D:3      | Found an ornate altar of the Wu Jian Council.
  3213 | D:3      | Found a basalt altar of Yredelemnul.
  3285 | D:3      | Reached XP level 6. HP: 47/47 MP: 3/14
  3898 | D:4      | Found Wepemuos's Antique Armour Shoppe.
  3907 | D:4      | Found Cyelos's Gadget Emporium.
  3949 | D:4      | Found a burning altar of Makhleb.
  3950 | D:4      | Bought an embroidered robe for 81 gold pieces
  3962 | D:4      | Bought a runed robe for 81 gold pieces
  4053 | D:4      | Found an iron altar of Okawaru.
  4114 | D:4      | Found Pougicod's Jewellery Boutique.
  4210 | D:4      | Noticed a +0 hand axe
  4211 | D:4      | Noticed a +0 hand axe
  4215 | D:4      | Found a hide-covered altar of Uskayaw.
  4365 | D:4      | Found an ancient bone altar of Kikubaaqudgha.
  4474 | D:4      | Found Pejommy's Assorted Antiques.
  4477 | D:4      | Bought a scroll labeled OPTUNE HYISHRO for 24 gold pieces
  4506 | D:4      | Noticed Sigmund
  4526 | D:4      | Killed Sigmund
  4526 | D:4      | Reached skill level 1 in Evocations
  4526 | D:4      | Reached XP level 7. HP: 48/51 MP: 1/15
  4830 | D:4      | Found Midyothri's Antique Weapon Shop.
  4964 | D:4      | Found a snail-covered altar of Cheibriados.
  5261 | D:5      | Entered Level 5 of the Dungeon
  5281 | D:5      | Reached skill level 5 in Dodging
  5418 | D:5      | Noticed Grinder
  5494 | D:5      | Killed Grinder
  6112 | D:5      | Reached XP level 8. HP: 56/56 MP: 9/16
  6847 | D:5      | Learned a level 2 spell: Sticks to Snakes
  7644 | D:6      | Reached ** piety under Vehumet
  7665 | D:6      | Offered knowledge of Sandblast by Vehumet.
  7788 | D:6      | Reached skill level 1 in Transmutations
  8516 | D:7      | Found Gaotey's Jewellery Boutique.
  8530 | D:7      | Reached skill level 1 in Shields
  8537 | D:7      | Found the +6 shillelagh "Devastator" {shatter}
  8767 | D:7      | Found an opulent altar of Gozag.
  8770 | D:7      | Found a blossoming altar of Fedhas.
  8823 | D:7      | Reached XP level 9. HP: 50/61 MP: 6/17
  9079 | D:7      | Paralysed by a hornet for 1 turns
  9091 | D:7      | HP: 3/61 [poisoned by a hornet]
  9108 | D:7      | HP: 3/61 [poisoned by a hornet]
  9115 | D:7      | HP: 3/61 [poisoned by a hornet]
  9123 | D:7      | HP: 2/61 [poisoned by a hornet]
  9493 | D:7      | Got an encrusted leather armour
  9598 | D:8      | Noticed Psyche
  9603 | D:8      | Offered knowledge of Static Discharge by Vehumet.
  9614 | D:8      | Killed Psyche
  9661 | D:8      | Reached skill level 1 in Maces & Flails
  9943 | D:8      | Got a slimy scale mail
 10002 | D:8      | Reached *** piety under Vehumet
 10105 | D:8      | Noticed Joseph
 10125 | D:8      | HP: 2/61 [Joseph/sling bullet (10)]
 10880 | D:8      | Killed Joseph
 10880 | D:8      | Reached XP level 10. HP: 25/66 MP: 16/18
 11335 | D:9      | Offered knowledge of Frozen Ramparts by Vehumet.
 11653 | D:9      | Noticed a two-headed ogre
 11673 | D:9      | Killed a two-headed ogre
 11870 | D:9      | Found Osmisag's Food Emporium.
 11882 | D:9      | Reached **** piety under Vehumet
 11888 | D:9      | Reached skill level 5 in Maces & Flails
 11908 | D:9      | Offered knowledge of Dazzling Flash by Vehumet.
 12183 | D:9      | Found a staircase to the Lair.
 12207 | D:9      | Noticed Maggie
 12227 | D:9      | Slain by Maggie

Levels and vault maps discovered:
D:1:      psy_arrival_dodecagon, layout_rooms, serial_forest,
          infiniplex_forest_fountain, infiniplex_forest_zigzag_2,
          infiniplex_forest_lined_room_2, infiniplex_forest_clump_tiny,
          infiniplex_forest_clump_medium, infiniplex_forest_lined_2,
          infiniplex_forest_clump_small
D:2:      layout_basic, nicolae_overflow_hidden_temple, minitemple,
          chequers_ecumenical_altar_simple, first_ration, uniq_jessica
D:3:      layout_basic, overflow_temple_1_default, yredelemnul_altar_generic,
          minmay_unequal
D:4:      layout_layer_cave, bloody_makhleb, kennysheep_slug_shrine,
          okawaru_ov_weapons_minmay, dancing_weapons_uskayaw,
          kiku_gazebo_garden_becter, minmay_temple_entry_overgrown,
          serial_shops, kennysheep_mini, nicolae_shop_statue_plus,
          shop_fountains, shop, shop, uniq_sigmund
D:5:      minmay_razor_zed, layout_rooms, uniq_grinder
D:6:      layout_basic, serial_glass, glass_columns_b, glass_columns_a
D:7:      layout_cave_pools, lemuel_crystal_altar, grunt_gozag_breadcrumbs,
          serial_shops, nicolae_shop_stone, grunt_decor_mini_mirrors
D:8:      layout_basic, hangedman_little_slice_of_home, uniq_joseph, uniq_psyche
D:9:      layout_rooms, minmay_lair_entry_grove, serial_shops, shop,
          kennysheep_little_box, shop_statue, nicolae_shop_waterfront,
          uniq_maggie
Temple:   compressed_dpeg_triangle_lava_temple

Skill      XL: |  1  2  3  4  5  6  7  8  9 10 |
---------------+-------------------------------+-----
Conjurations   | 2 3 4 |  4.0
Dodging        | 3 4 6 8 |  8.0
Fighting       | 9 |  9.5
Stealth        | 3 |  3.0
Evocations     | 1 3 4 |  4.0
Transmutations | 2 4 |  4.0
Shields        | 1 4 |  4.0
Maces & Flails | 2 5 |  5.5
Spellcasting   | |  4.5
Summonings     | |  1.1
Translocations | |  1.1

Action                   |  1- 3 |  4- 6 |  7- 9 | 10-12 || total
-------------------------+-------+-------+-------+-------++-------
Melee: Long sword        |       |     3 |       |       ||     3
       Short sword       |       |     5 |    53 |       ||    58
       Shillelagh        |       |       |    75 |    60 ||   135
 Cast: Magic Dart        |    58 |   170 |   247 |     3 ||   478
       Call Imp          |     1 |     7 |     4 |       ||    12
       Mephitic Cloud    |       |     1 |    18 |    11 ||    30
       Blink             |       |     1 |     2 |     1 ||     4
       Conjure Flame     |       |       |     9 |       ||     9
Evoke: Wand              |       |       |     1 |       ||     1
  Use: Potion            |       |     5 |     2 |     1 ||     8
       Scroll            |       |    13 |     5 |       ||    18
 Stab: Confused          |       |     1 |     5 |     4 ||    10
       Sleeping          |       |       |     2 |     1 ||     3
  Eat: Chunk             |       |     6 |    19 |    10 ||    35
       Ration            |       |     1 |     2 |       ||     3
Armor: Robe              |     2 |     6 |    24 |     5 ||    37
Dodge: Dodged            |     8 |    30 |   128 |    46 ||   212
Block: Buckler           |       |       |    10 |    19 ||    29
       Rpst.: Long sword |       |     9 |       |       ||     9

Table legend:
 A = Non-vault XP
 B = Vault XP
 C = Vault XP percentage of total XP
 D = Non-vault monster count
 E = Vault monster count
 F = Vault count percentage of total count
                 A         B        C        D         E       F
            +---------+---------+-------+---------+---------+-------
      Total |    5291 |    3328 |  38.6 |     177 |      39 |  18.1
            +---------+---------+-------+---------+---------+-------
        D:1 |      43 |       0 |   0.0 |      26 |       0 |   0.0
        D:2 |      56 |      37 |  39.8 |      23 |       1 |   4.2
        D:3 |     117 |      10 |   7.9 |      23 |       3 |  11.5
        D:4 |     230 |     221 |  49.0 |      18 |       2 |  10.0
        D:5 |     278 |     647 |  69.9 |       6 |      11 |  64.7
        D:6 |     594 |       0 |   0.0 |      21 |       0 |   0.0
        D:7 |    1043 |       0 |   0.0 |      15 |       0 |   0.0
        D:8 |    1227 |    1057 |  46.3 |      24 |      10 |  29.4
        D:9 |    1703 |    1356 |  44.3 |      21 |      12 |  36.4
            +---------+---------+-------+---------+---------+-------
